 Dungeon Crawl Stone Soup version 0.31-a0-4-gefa6de2278 (webtiles) character file.

Game seed: 6665583772269848210

3019 greenreed the Grappler (level 9, -12/89 (93) HPs)
             Began as a Troll Monk on May 4, 2023.
             Mangled by a soul eater (20 damage)
             ... summoned by a kobold demonologist
             ... on level 6 of the Dungeon.
             The game lasted 00:09:17 (4341 turns).

greenreed the Grappler (Troll Monk)                 Turns: 4341, Time: 00:09:18

HP:   -12/89 (93)   AC:  4    Str: 31    XL:     9   Next: 55%
MP:   8/8           EV: 11    Int:  6    God:
Gold: 301           SH:  0    Dex: 12    Spells: 8/8 levels left

rFire   . .          .
                       - Unarmed
rCold   . . .        c - orb {light}
rNeg    . . .        a - +0 robe
rPois   .            (helmet restricted)
rElec   .            (no cloak)
rCorr   .            (gloves unavailable)
SInv    .            (boots unavailable)
Will    +....        (no amulet)
Stlth   +            n - +6 ring of strength
HPRegen 1.14/turn    E - ring of willpower
MPRegen 0.11/turn

%: no passive effects
@: glowing, lightly drained
A: large, unfitting armour, claws 3, regeneration 1, shaggy fur 1, tough skin 1
a: no special abilities


You were on level 6 of the Dungeon.
You visited 1 branch of the dungeon, and saw 6 of its levels.

You collected 301 gold pieces.

Inventory:

Hand Weapons
 A - a +2 whip of electrocution
Missiles
 d - 4 curare-tipped darts (quivered)
Armour
 a - a +0 robe (worn)
 c - an orb of light (worn)
Jewellery
 n - a +6 ring of strength (left claw)
 r - a ring of poison resistance
 s - an amulet of faith
 C - a ring of flight
 E - a ring of willpower (right claw)
 F - an amulet of magic regeneration
Wands
 v - a wand of charming (6)
 w - a wand of digging (3)
 B - a wand of quicksilver (6)
Scrolls
 f - 3 scrolls of teleportation {unknown}
 g - 10 scrolls of identify {unknown}
 h - 2 scrolls of fear {unknown}
 k - 2 scrolls of magic mapping {unknown}
 l - 2 scrolls of noise {unknown}
 m - a scroll of enchant armour {unknown}
 o - 2 scrolls of amnesia {unknown}
 u - 2 scrolls of vulnerability {unknown}
 y - 2 scrolls of fog {unknown}
Potions
 b - a potion of ambrosia
 e - 3 potions of flight {unknown}
 i - a potion of degeneration {unknown}
 j - 4 potions of curing {unknown}
 p - a potion of lignification {unknown}
 q - a potion of magic {unknown}
 t - a potion of cancellation {unknown}
 x - a potion of experience {unknown}
 z - 2 potions of brilliance {unknown}
 D - a potion of might {unknown}


   Skills:
 * Level 7.5 Fighting
 + Level 5.5 Dodging
 * Level 9.0 Unarmed Combat


You had 8 spell levels left.
You didn't know any spells.
Your spell library contained the following spells:

 Spells                   Type           Power      Damage    Failure   Level
 Ozocubu's Armour         Ice            0%         N/A       83%         3
 Metabolic Englaciation   Hex/Ice        0%         N/A       100%        5
 Simulacrum               Ice/Necr       0%         N/A       100%        6
 Ozocubu's Refrigeration  Ice            0%         4d7       100%        7


Dungeon Overview and Level Annotations

Branches:
Dungeon (6/15)
 Temple: D:4-7

Altars:

Annotations:
D:3 3 runed translucent doors, BlasphemerAmon's ghost, novice KoDe


Innate Abilities, Weirdness & Mutations

You are too large for most types of armour.
You have claws for hands.
Your natural rate of healing is unusually fast.
You are covered in fur. (AC +1)
You have tough skin. (AC +1)


Message History

E - a ring of willpower You remove your ring of poison resistance.
E - a ring of willpower (right claw)
F - an amulet of magic regeneration
g - 10 scrolls labelled MULERE RUQIYMP (gained 1)
Things that are here:
a +0 scythe; a +0 robe; the human corpse of Sigmund
u - 2 scrolls labelled KIFOPOROJY (gained 1)
You now have 301 gold pieces (gained 17).
Things that are here:
a +0 giant spiked club; an ogre corpse
Found a leather armour.
The kobold demonologist shouts!
The kobold demonologist mumbles some strange words.
The gnoll shouts!
The soul eater draws from the surrounding life force!
The kobold demonologist mumbles some strange words.
The kobold demonologist miscasts a cantrip.
You claw the kobold demonologist!
The kobold demonologist is moderately wounded.
The gnoll barely misses you.
The kobold demonologist barely misses you.
You barely miss the kobold demonologist.
The kobold demonologist is moderately wounded.
The soul eater hits you. The ice devil hits you! The ice devil freezes you!
The gnoll closely misses you.
The kobold demonologist hits you with a +0 dagger.
You claw the kobold demonologist!
The kobold demonologist is heavily wounded.
The soul eater hits you!!
You feel drained. The ice devil hits you. The ice devil freezes you!!
* * * LOW HITPOINT WARNING * * *
The gnoll hits you from afar with a +0 spear.
* * * LOW HITPOINT WARNING * * *
The kobold demonologist mumbles some strange words.
Okay, then.
You claw the kobold demonologist!
The kobold demonologist is severely wounded.
The soul eater draws from the surrounding life force!
You die...

#.....[........ #..............
#.............. #####
#.............. ....###
#.............. ###...#
#.............. ###.#
#.....$.3...... #####.#
#......@K......
....#.####.....4.4g.....
....#....#..............
....####...................).....
.....)...........................
.....()..........................
.................................
..)..............................
........................K........


You could see a soul eater (summoned), an ice devil (summoned), a kobold
demonologist, a chaos spawn (summoned) and a gnoll.

Vanquished Creatures
  Pikel (D:5)
  The ghost of retardedninja the Firebug, a novice GnFE (D:5)
  A kobold demonologist (D:6)
  Grinder (D:6)
  Sigmund (D:6)
  Eustachio (D:5)
  Menkaure (D:6)
  3 ogres
  A centaur (D:5)
  3 lemures (D:5)
  A kobold brigand (D:6)
  3 scorpions
  A gnoll sergeant (D:5)
  3 jellies (D:5)
  3 orc priests (D:4)
  2 hounds
  2 iguanas
  A sleepcap (D:6)
  Ijyb (D:5)
  4 orc wizards
  8 gnolls
  5 adders
  5 worms
  23 orcs
  2 bats (D:1)
  2 endoplasms
  A giant cockroach (D:4)
  5 goblins
  8 hobgoblins
  7 jackals
  A kobold (D:6)
  A quokka (D:1)
  5 ball pythons
  3 frilled lizards
  5 rats
116 creatures vanquished.

Vanquished Creatures (collateral kills)
  An orc (D:5)
1 creature vanquished.

Vanquished Creatures (others)
  An orc wizard (D:5)
  13 plants (D:4)
14 creatures vanquished.

Grand Total: 131 creatures vanquished

Notes
Turn   | Place    | Note
-------+----------+-------------------------------------------
     0 | D:1      | greenreed the Troll Monk began the quest for the Orb.
     0 | D:1      | Reached XP level 1. HP: 22/22 MP: 0/0
   324 | D:1      | Reached XP level 2. HP: 29/29 MP: 1/1
   970 | D:2      | Reached XP level 3. HP: 36/36 MP: 2/2
  1530 | D:3      | Reached XP level 4. HP: 44/45 MP: 3/3
  1664 | D:3      | Found a runed translucent gate.
  1664 | D:3      | Found a runed translucent gate.
  1664 | D:3      | Found a runed translucent gate.
  1670 | D:3      | Noticed BlasphemerAmon's ghost (novice KoDe)
  2376 | D:4      | Reached skill level 4 in Unarmed Combat
  2431 | D:4      | Noticed a scorpion
  2445 | D:4      | Killed a scorpion
  2446 | D:4      | Reached XP level 5. HP: 54/54 MP: 4/4
  2524 | D:4      | Reached XP level 6. HP: 57/62 MP: 5/5
  2575 | D:4      | Reached skill level 5 in Unarmed Combat
  3054 | D:4      | Reached XP level 7. HP: 41/71 MP: 6/6
  3157 | D:5      | Entered Level 5 of the Dungeon
  3256 | D:5      | Found a runed translucent door.
  3259 | D:5      | Noticed retardedninja's ghost (novice GnFE)
  3325 | D:5      | Reached skill level 5 in Fighting
  3325 | D:5      | Reached skill level 6 in Unarmed Combat
  3572 | D:5      | Noticed Pikel
  3583 | D:5      | Killed Pikel
  3584 | D:5      | Reached skill level 7 in Unarmed Combat
  3584 | D:5      | Reached XP level 8. HP: 72/83 MP: 7/7
  3587 | D:5      | Noticed Ijyb
  3592 | D:5      | Killed Ijyb
  3897 | D:5      | Killed retardedninja's ghost
  4007 | D:6      | Noticed a kobold demonologist
  4023 | D:6      | Reached skill level 5 in Dodging
  4023 | D:6      | Reached skill level 8 in Unarmed Combat
  4023 | D:6      | Reached XP level 9. HP: 92/92 MP: 8/8
  4043 | D:6      | Noticed Eustachio
  4064 | D:5      | Killed Eustachio
  4084 | D:6      | Noticed a kobold demonologist
  4085 | D:6      | Noticed a kobold demonologist
  4086 | D:6      | Noticed a red devil
  4087 | D:6      | Noticed an ice devil
  4088 | D:6      | Noticed a soul eater
  4089 | D:6      | Noticed an ice devil
  4093 | D:6      | Killed a kobold demonologist
  4188 | D:6      | Noticed Menkaure
  4193 | D:6      | Killed Menkaure
  4228 | D:6      | Noticed Grinder
  4244 | D:6      | Killed Grinder
  4251 | D:6      | Noticed Sigmund
  4260 | D:6      | Killed Sigmund
  4261 | D:6      | Reached skill level 9 in Unarmed Combat
  4334 | D:6      | Noticed a soul eater
  4337 | D:6      | Noticed an ice devil
  4341 | D:6      | Mangled by a soul eater

Illustrated notes

Levels and vault maps discovered:
D:1:      dpeg_arrival_rooms_b, layout_basic
D:2:      layout_loops_cross
D:3:      layout_basic, gammafunk_ghost_necromancy
D:4:      layout_basic, serial_bayou_lagoon_a
D:5:      layout_gridville, hellmonk_ghost_happy_afterlife, uniq_pikel,
          uniq_ijyb
D:6:      layout_basic, minmay_ogre_servants, uniq_menkaure, uniq_sigmund,
          uniq_grinder, uniq_eustachio

Skill      XL: |  1  2  3  4  5  6  7  8  9 |
---------------+----------------------------+-----
Fighting       | 3 4 5 6 7 |  7.5
Unarmed Combat | 4 5 7 8 9 |  9.0
Dodging        | 3 4 5 |  5.5

Action                     |  1- 3 |  4- 6 |  7- 9 || total
---------------------------+-------+-------+-------++-------
  Melee: Unarmed           |    70 |    85 |   153 ||   308
  Evoke: Wand              |       |       |     1 ||     1
 Armour: Robe              |    12 |    18 |    25 ||    55
  Dodge: Dodged            |    29 |    24 |    84 ||   137

Table legend: (Time is in decaauts)
 A = Elapsed time spent in this place.
 B = Non-inter-level travel time spent in this place.
 C = Inter-level travel time spent in this place.
 D = Time resting spent in this place.
 E = Time spent auto-exploring this place.
 F = Levels seen in this place.
 G = Mean time per level.
                   A        B        C        D        E       F      G
               +--------+--------+--------+--------+--------+-----+--------+
         Total |   4307 |   4167 |    140 |    141 |   3304 |   6 |  717.8 |
       Dungeon |   4307 |   4167 |    140 |    141 |   3304 |   6 |  717.8 |
               +--------+--------+--------+--------+--------+-----+--------+

Top non-repeatable levels by time:
     D:3: 972 daAuts
     D:5: 912 daAuts
     D:1: 823 daAuts
     D:4: 817 daAuts
     D:2: 530 daAuts
     D:6: 250 daAuts
